AoeStats
← _LX_

Pilgrims

509132522Analyzed
3v3 RM · 6d ago on Sep 25, 2026· 39m 20s· 6 players
Game mode
Random Map
Map size
Normal (6 player)
Population
200
Speed
Normal
Resources
Standard
Victory
Conquest
Starting age
Dark Age
Ending age
Imperial Age
RankedLock teamsTeams togetherTeam positionsShared explorationLock speedFull tech treeHidden civsTurbo modeCheats
Victory
Defeat
🇨🇳 Byzantines · China
1440
+15
🇨🇳 Varangians · China
1417
+16
🇨🇳 Chinese · China
1412
+16
🇨🇭 Vikings · Switzerland
1416
-17
🇱🇹 Koreans · Lithuania
1406
-15
🇨🇳 Spanish · China
1403
-15
CTWD
5:51 Loom
12:31 Feudal Age
16:12 Castle Age
14:23 Double-Bit Axe
14:34 Stone Mining
15:18 Gold Mining
15:08 Horse Collar
15:55 Fletching
15:54 Town Watch
17:04 Bodkin Arrow
17:29 Bow Saw
29:20 Padded Archer Armor
30:49 Leather Archer Armor
30:56 Bloodlines
35:54 Imperial Age
35:16 Wheelbarrow
34:44 Heavy Plow
35:22 Elite Skirmisher
37:00 Bracer
37:23 Pikeman
38:05 Scale Mail Armor
ChickenHunter
5:18 Loom
10:51 Feudal Age
14:05 Fishing Lines
14:15 Fishing Lines
20:32 Castle Age
19:14 Double-Bit Axe
32:49 Town Watch
34:40 Fletching
raudonas bananas
11:15 Feudal Age
9:33 Loom
11:19 Feudal Age
9:44 Loom
15:14 Castle Age
13:24 Double-Bit Axe
16:08 Medium Warships
16:11 Bow Saw
16:14 Forging
16:35 Gold Mining
16:52 Fletching
18:36 Wheelbarrow
18:00 Bodkin Arrow
18:27 Clinker Construction
19:37 Gold Shaft Mining
19:06 Town Watch
19:43 Stone Mining
20:33 Careening
22:11 Treadmill Crane
31:29 Ballistics
31:46 Masonry
34:11 Hand Cart
35:24 Murder Holes
41:13 Imperial Age
39:10 Scale Mail Armor
39:45 Iron Casting
39:12 Pikeman
_LX_
4:01 Loom
10:45 Feudal Age
15:50 Castle Age
14:23 Double-Bit Axe
14:45 Fletching
16:28 Bodkin Arrow
25:03 Padded Archer Armor
30:40 Wheelbarrow
33:57 Town Watch
小鸡
5:09 Loom
11:49 Feudal Age
15:35 Castle Age
13:50 Fishing Lines
14:54 Wheelbarrow
16:14 Fletching
18:56 Bodkin Arrow
19:22 Gillnets
31:30 Scale Barding Armor
31:36 Forging
35:08 Hand Cart
34:39 Town Watch
34:46 Double-Bit Axe
34:44 Horse Collar
38:49 Imperial Age
38:14 Bloodlines
38:05 Husbandry
抹茶gap人
9:18 Loom
11:51 Feudal Age
15:36 Castle Age
15:13 Double-Bit Axe
16:37 Medium Warships
16:51 Bow Saw
18:50 Coinage
23:37 Siphons
25:02 Fishing Lines
25:19 Elite Skirmisher
26:18 Gold Mining
26:53 Ballistics
26:33 Fletching
28:01 Wheelbarrow
29:19 Gold Shaft Mining
30:59 Hand Cart
33:55 Imperial Age
31:53 Scale Barding Armor
31:54 Husbandry
32:42 Forging
32:54 Chain Barding Armor
32:33 Horse Collar
34:07 Iron Casting
33:36 Padded Archer Armor
34:19 Cavalier
35:35 Plate Barding Armor
35:46 Leather Archer Armor
35:27 Bodkin Arrow
35:49 Leather Archer Armor
35:36 Gillnets
36:57 Bracer
36:55 Paladin
38:54 Ring Archer Armor
38:55 Treadmill Crane
Connection lost

Rejoining the realm…

Still unreachable

The connection could not be restored.

Session expired

The server has moved on; the page needs a fresh start.